 Dungeon Crawl Stone Soup version 0.29-a0-284-gf9362112df (webtiles) character file.

Game seed: 10479962027472980051

35 freelancePsychic the Firebug (level 3, -3/28 HPs)
             Began as a Hill Orc Fire Elementalist on Mar 20, 2022.
             Slain by a worm (10 damage)
             ... on level 1 of the Dungeon.
             The game lasted 00:01:59 (1693 turns).

freelancePsychic the Firebug (HOFE)                 Turns: 1693, Time: 00:02:00

Health: -3/28      AC:  2    Str: 10    XL:     3   Next: 35%
Magic:  5/6        EV: 12    Int: 17    God:
Gold:   59         SH:  0    Dex: 11    Spells: 5/6 levels left

rFire   . . .      SeeInvis .   g - +1 rapier (speed)
rCold   . . .      Faith    .   (no shield)
rNeg    . . .      Spirit   .   a - +0 robe
rPois   .          Reflect  .   (no helmet)
rElec   .          Harm     .   (no cloak)
rCorr   .          Rampage  .   (no gloves)
Will    .....                   (no boots)
Stlth   ++........              (no amulet)
HPRegen 0.09/turn               (no ring)
MPRegen 0.10/turn               (no ring)

@: no status effects
A: no striking features
a: no special abilities


You were on level 1 of the Dungeon.
You visited 1 branch of the dungeon, and saw 2 of its levels.

You collected 59 gold pieces.

Inventory:

Hand Weapons
 g - a +1 rapier of speed (weapon)
Missiles
 k - a throwing net
Armour
 a - a +0 robe (worn)
Scrolls
 c - 3 scrolls of identify {unknown}
 d - a scroll of vulnerability {unknown}
 e - a scroll of fog {unknown}
 f - 3 scrolls of teleportation {unknown}
 l - a scroll of magic mapping {unknown}
Potions
 b - a potion of magic
 h - a potion of attraction {unknown}
 i - a potion of mutation {unknown}
 j - 2 potions of curing {unknown}


   Skills:
 + Level 1.1 Fighting
 - Level 1.5 Dodging
 - Level 1.5 Stealth
 * Level 2.0 Spellcasting
 + Level 1.4 Conjurations
 * Level 3.9 Fire Magic


You had 5 spell levels left.
You knew the following spells:

 Your Spells              Type           Power      Damage    Failure   Level
a - Foxfire               Conj/Fire      40%        2x1d6     6%          1

Your spell library contained the following spells:

 Spells                   Type           Power      Damage    Failure   Level
 Scorch                   Fire           30%        2d6       6%          2
 Shock                    Conj/Air       16%        1d4       14%         1
 Conjure Flame            Conj/Fire      10%        6-21      19%         3
 Inner Flame              Hex/Fire       8%         N/A       26%         3
 Swiftness                Air            1%         N/A       50%         3
 Flame Wave               Conj/Fire      10%        2d5       54%         4
 Airstrike                Air            0%         N/A       88%         4


Dungeon Overview and Level Annotations

Branches:
Dungeon (2/15)

Altars:


Message History

Found 23 stones.
You see here 23 stones.
You see here a hobgoblin skeleton.
Done exploring.
Done exploring.
(D) Dungeon
Where to? (? - help)
There is a stone staircase leading down here.
You climb downwards.
Found a pair of boots.
There is a stone staircase leading up here.
There are monsters nearby!
The helpless worm fails to defend itself.
You hit the worm. You punch the worm.
The worm is moderately wounded.
You barely miss the worm.
The worm is moderately wounded.
The adder hisses angrily.
The worm closely misses you.
You climb upwards.
There is a stone staircase leading down here.
You barely miss the worm.
The worm is moderately wounded.
You hit the worm.
The worm is heavily wounded.
The worm bites you!
You are too injured to fight recklessly!
You are too injured to fight recklessly!
Casting: Foxfire (safe; 6% risk of failure)
Confirm with . or Enter, or press ? or * to list all spells.
You conjure some foxfire!
The worm bites you!
* * * LOW HITPOINT WARNING * * *
Casting: Foxfire (safe; 6% risk of failure)
Confirm with . or Enter, or press ? or * to list all spells.
There is not enough space to conjure foxfire!
Your foxfire dissipates!
The foxfire hits the worm.
The worm is heavily wounded.
The worm bites you!
You die...

..# #.# #.###.############### ..#
#.####.##................. ..#
#.#........########....... ..#
#.#.##..#..# #....... ..#
#.#.##.....# #....... ..#
#.#.##.#.#.# #....... ..####
#.#.####.#.#############.. .....#
#.#.#.....................
.....###.#....##@w##.#.#.#..##...
.........#....##.>###.#)#...##...
.....#.#.#....######.#...#..##...
.....#.#.#....#### ##.#.#...##...
.....#.#...#.###.# #.#.#.#.####..
.....#.##..#.# #.# #..#.#..# #..
.....#.##..#.###.###..###### #..
.....#.##..#.#...........# #..
######.##..#.##.........## #..


You could see a worm.

Vanquished Creatures
  A dart slug (D:1)
  4 endoplasms (D:1)
  4 goblins (D:1)
  5 hobgoblins (D:1)
  2 jackals (D:1)
  A kobold (D:1)
  A quokka (D:1)
  4 ball pythons (D:1)
  3 bats (D:1)
  2 frilled lizards (D:1)
  4 rats (D:1)
31 creatures vanquished.

Vanquished Creatures (others)
  42 foxfires (D:1)
42 creatures vanquished.

Grand Total: 73 creatures vanquished

Notes
Turn   | Place    | Note
-------+----------+-------------------------------------------
     0 | D:1      | freelancePsychic the Hill Orc Fire Elementalist began the
                  | quest for the Orb.
     0 | D:1      | Reached XP level 1. HP: 14/14 MP: 3/3
   398 | D:1      | Reached XP level 2. HP: 20/20 MP: 2/4
   867 | D:1      | Found a faded altar of an unknown god.
   872 | D:1      | Reached skill level 1 in Fighting
   946 | D:1      | Reached XP level 3. HP: 24/28 MP: 4/6
  1693 | D:1      | Slain by a worm

Illustrated notes

Levels and vault maps discovered:
D:1:      scummos_arrival_simple_fountains, layout_basic,
          ebering_ecumenical_altar_sacrificial, minmay_tiny_reverse_x
D:2:      layout_basic, serial_shops, nicolae_shop_hallway_stairs,
          nicolae_shop_crystal, nicolae_shop_hallway_stairs, uniq_terence

Skill      XL: |  1  2 |
---------------+-------+-----
Fighting       | 1 |  1.1
Spellcasting   | 2 |  2.0
Dodging        | |  1.5
Stealth        | |  1.5
Conjurations   | |  1.4
Fire Magic     | |  3.9

Action                   || total
-------------------------++-------
Melee: Unarmed           ||     8
       Rapier            ||    48
       Punch             ||     1
 Cast: Foxfire           ||    29
 Stab: Sleeping          ||     2
Armor: Robe              ||     7
Dodge: Dodged            ||    29

Table legend: (Time is in decaauts)
 A = Elapsed time spent in this place.
 B = Non-inter-level travel time spent in this place.
 C = Inter-level travel time spent in this place.
 D = Time resting spent in this place.
 E = Time spent auto-exploring this place.
 F = Levels seen in this place.
 G = Mean time per level.
                   A        B        C        D        E       F      G
               +--------+--------+--------+--------+--------+-----+--------+
         Total |   1683 |   1673 |     10 |      0 |   1462 |   2 |  841.5 |
       Dungeon |   1683 |   1673 |     10 |      0 |   1462 |   2 |  841.5 |
               +--------+--------+--------+--------+--------+-----+--------+

Top non-repeatable levels by time:
     D:1: 1679 daAuts
     D:2: 3 daAuts
